 Dungeon Crawl Stone Soup version 0.28-a0-247-gb8bfbab023 (webtiles) character file.

Game seed: 390988808135695234

5595 speeev33 the Carver (level 10, -2/101 HPs)
             Began as a Minotaur Berserker on Aug 25, 2021.
             Was a High Priest of Trog.
             Splashed by an acid dragon's acid (8 damage)
             ... on level 9 of the Dungeon on Aug 26, 2021.
             The game lasted 00:22:31 (9013 turns).

speeev33 the Carver (Minotaur Berserker)            Turns: 9013, Time: 00:22:33

Health: -2/101     AC:  5    Str: 25    XL:     10   Next: 45%
Magic:  18/18      EV:  7    Int:  6    God:    Trog [*****.]
Gold:   455        SH:  0    Dex: 10    Spells: 9/9 levels left

rFire   . . .      SeeInvis +   M - +0 scimitar
rCold   x . .      Faith    +   (no shield)
rNeg    . . .      Spirit   .   c - +0 plate armour "Rigybb" {rElec rC- MP+9 Int+2}
rPois   +          Reflect  .   (helmet restricted)
rElec   +          Harm     .   H - +0 cloak
rCorr   .          Rampage  .   (no gloves)
Will    .....                   l - +0 pair of boots
Stlth   ..........              F - amulet "Setilepp" {Faith SInv}
HPRegen 0.26/turn               u - ring of poison resistance
MPRegen 0.16/turn               D - ring of see invisible

@: corroded, on berserk cooldown, slowed, very slow
A: horns 2, retaliatory headbutt
a: Renounce Religion, Berserk, Trog's Hand, Brothers in Arms


You were on level 9 of the Dungeon.
You worshipped Trog.
Trog was extremely pleased with you.
You visited 1 branch of the dungeon, and saw 9 of its levels.
You also visited: Ossuary.

You collected 455 gold pieces.

Inventory:

Hand Weapons
 L - a +0 flail of protection
 M - a +0 scimitar (weapon)
Missiles
 d - 3 boomerangs of dispersal
 m - 13 poisoned darts (quivered)
 r - 113 stones
Armour
 c - the +0 plate armour "Rigybb" (worn) {rElec rC- MP+9 Int+2}
   (You found it on level 5 of the Dungeon)

   Int:       It affects your intelligence (+2).
   rC:        It makes you vulnerable to cold.
   rElec:     It insulates you from electricity.
   MP:        It affects your magic capacity (+9).
 l - a +0 pair of boots (worn)
 H - a +0 cloak (worn)
Jewellery
 u - a ring of poison resistance (left hand)
 D - a ring of see invisible (right hand)
 F - the amulet "Setilepp" (around neck) {Faith SInv}
   (You found it on level 5 of the Dungeon)

   [amulet of faith]

   It allows you to gain divine favour quickly.
   SInv:      It lets you see invisible.
Wands
 q - a wand of paralysis (6)
 E - a wand of digging (5)
 I - a wand of polymorph (7)
 K - a wand of iceblast (10)
Scrolls
 b - a scroll of teleportation
 i - 3 scrolls of blinking {unknown}
 j - 2 scrolls of vulnerability
 k - 3 scrolls of fog {unknown}
 p - a scroll of magic mapping {unknown}
 w - a scroll of silence {unknown}
 x - 2 scrolls of enchant weapon {unknown}
 y - a scroll of acquirement {unknown}
 z - a scroll of noise {unknown}
 J - a scroll of summoning {unknown}
Potions
 a - 2 potions of ambrosia
 e - 7 potions of degeneration
 f - 2 potions of berserk rage
 g - 2 potions of cancellation
 h - a potion of brilliance
 n - 2 potions of haste
 o - 4 potions of attraction
 t - a potion of heal wounds
 v - a potion of resistance
 A - a potion of mutation
 B - a potion of curing {unknown}
 G - 2 potions of flight


   Skills:
 + Level 13.2 Fighting
 + Level 13.2 Long Blades
 - Level 2.4 Armour
 - Level 2.1 Dodging


You had 9 spell levels left.
You didn't know any spells.
Your spell library was empty.

Dungeon Overview and Level Annotations

Branches:
Dungeon (9/15)             Temple (0/1) D:4         Ossuary (visited)
   Lair: D:8-11         Orc: D:9-12

Altars:
Elyvilon
Okawaru
Wu Jian
Yredelemnul
Zin
The Shining One

Shops:
D:3 *   D:7 :   D:8 :

Annotations:
D:2 1 runed translucent door, Crazy Yiuf
D:4 1 runed translucent door, speeev33's ghost, amateur HOFi


Innate Abilities, Weirdness & Mutations

You have a pair of horns on your head.
You reflexively headbutt those who attack you in melee.


Message History

You kill the yak!
Trog accepts your kill. The acid dragon spits acid at you.
The splash of acid hits you!! The acid corrodes you!
You are splashed with acid!
Things that are here:
a yak corpse; a yak corpse You barely miss the acid dragon.
You headbutt the acid dragon.
The acid dragon is lightly wounded.
You slash the acid dragon! Your headbutt misses the acid dragon.
The acid dragon is severely wounded.
The acid dragon bites you but does no damage.
The acid dragon claws you but does no damage.
You closely miss the acid dragon.
You headbutt the acid dragon, but do no damage.
The acid dragon is severely wounded.
You hit the acid dragon but do no damage.
You headbutt the acid dragon, but do no damage.
The acid dragon is severely wounded.
You are no longer berserk.
You are exhausted.
You feel yourself slow down. The acid dragon closely misses you.
You riposte.
You closely miss the acid dragon. You headbutt the acid dragon!
The acid dragon is almost dead.
The acid dragon claws you.
You completely miss the acid dragon.
The acid dragon is almost dead.
The acid dragon spits acid at you. The splash of acid hits you.
* * * LOW HITPOINT WARNING * * *
You are splashed with acid!
* * * LOW HITPOINT WARNING * * *
Okay, then.
The acid dragon bites you but does no damage.
The acid dragon completely misses you. The acid dragon spits acid at you.
The splash of acid hits you!
* * * LOW HITPOINT WARNING * * *
The acid corrodes you!
You are splashed with acid!
You die...

..... #
#...#
#.##.#.#
#......#
####.###
#†# #Y#
##D#####
#...@.<#
##.###.#
### #.#
#.# #..
###


You could see an acid dragon (catching breath).

Vanquished Creatures
  Joseph (D:7)
  9 yaks
  A steam dragon (D:6)
  2 water moccasins (D:5)
  An orc warrior (D:8)
  A hornet zombie (Ossuary)
  A black bear (D:5)
  An ice beast (D:6)
  2 necrophages
  4 ogres
  2 phantoms
  A centaur (D:8)
  2 wyvern zombies
  2 bullfrogs
  A gnoll sergeant (D:8)
  A scorpion (D:4)
  2 elf skeletons (D:5)
  7 water moccasin zombies
  A jelly (D:7)
  A water moccasin skeleton (D:6)
  4 wights (D:8)
  A howler monkey (D:6)
  6 centaur zombies
  7 bullfrog zombies
  2 hounds
  A bullfrog skeleton (D:5)
  3 orc priests
  2 centaur skeletons
  2 human skeletons (D:5)
  3 iguanas
  Natasha (D:2)
  3 orc wizards
  2 killer bee zombies
  16 mummies (Ossuary)
  A howler monkey zombie (Ossuary)
  3 gnolls (D:8)
  5 adders
  2 white imps (D:7)
  2 ufetubi (D:5)
  An adder skeleton (D:4)
  3 dart slugs
  24 orcs
  6 endoplasms
  2 giant cockroaches
  4 goblins
  8 hobgoblins
  3 quokkas
  3 ball pythons
  7 bats
  4 frilled lizards
  4 kobolds
  2 orc skeletons (D:5)
  5 rats
185 creatures vanquished.

Vanquished Creatures (others)
  8 fungi
  A plant (D:3)
  8 withered plants (Ossuary)
17 creatures vanquished.

Grand Total: 202 creatures vanquished

Notes
Turn   | Place    | Note
-------+----------+-------------------------------------------
     0 | D:1      | speeev33 the Minotaur Berserker began the quest for the
                  | Orb.
     0 | D:1      | Reached XP level 1. HP: 19/19 MP: 0/0
   230 | D:1      | Reached XP level 2. HP: 27/27 MP: 1/1
   462 | D:1      | Found a faded altar of an unknown god.
   662 | D:2      | Reached XP level 3. HP: 22/34 MP: 2/2
   814 | D:2      | Reached ** piety under Trog
  1133 | D:2      | Found a runed translucent door.
  1134 | D:2      | Noticed Crazy Yiuf
  1166 | D:2      | Noticed Natasha
  1175 | D:2      | Killed Natasha
  1321 | D:2      | Reached XP level 4. HP: 41/41 MP: 3/3
  1616 | D:3      | Reached skill level 5 in Fighting
  1616 | D:3      | Reached skill level 5 in Long Blades
  1848 | D:3      | Found an iron altar of Okawaru.
  1984 | D:3      | Found Sohoaten's Assorted Antiques.
  2208 | D:4      | Found a staircase to the Ecumenical Temple.
  2350 | D:4      | Reached XP level 5. HP: 48/48 MP: 4/4
  2350 | D:4      | Found a glowing golden altar of the Shining One.
  2522 | D:4      | Found a runed translucent door.
  2523 | D:4      | Noticed speeev33's ghost (amateur HOFi)
  2701 | D:5      | Entered Level 5 of the Dungeon
  2887 | D:5      | Noticed a black bear
  2894 | D:5      | Killed a black bear
  2895 | D:5      | Reached XP level 6. HP: 58/58 MP: 5/5
  3025 | D:5      | Found a sand-covered staircase.
  3031 | Ossuary  | Entered an ossuary
  3113 | Ossuary  | Reached XP level 7. HP: 66/66 MP: 6/6
  3146 | Ossuary  | Reached *** piety under Trog
  3567 | Ossuary  | Reached XP level 8. HP: 74/75 MP: 7/7
  4086 | D:5      | Identified the +0 plate armour "Rigybb" {rElec rC- MP+9
                  | Int+2}
  4173 | D:5      | Reached **** piety under Trog
  4506 | D:5      | Identified the amulet "Setilepp" {Faith SInv}
  4611 | D:5      | Reached skill level 10 in Fighting
  4611 | D:5      | Reached skill level 10 in Long Blades
  5005 | D:6      | Reached XP level 9. HP: 29/86 MP: 8/8
  5289 | D:6      | Found a white marble altar of Elyvilon.
  6534 | D:7      | Found an ornate altar of the Wu Jian Council.
  6786 | D:7      | Found Beemm's Book Boutique.
  7055 | D:7      | Noticed Joseph
  7061 | D:7      | Killed Joseph
  7468 | D:8      | Reached ***** piety under Trog
  7544 | D:8      | Found Dop Gug's Book Emporium.
  7554 | D:8      | Reached XP level 10. HP: 73/99 MP: 9/9
  8121 | D:8      | Found a glowing silver altar of Zin.
  8125 | D:8      | Found a basalt altar of Yredelemnul.
  9013 | D:9      | Splashed by an acid dragon's acid

Illustrated notes

Levels and vault maps discovered:
D:1:      dpeg_arrival_connections, layout_rooms,
          shapermc_ecumenical_altar_mp_urbaneastern
D:2:      layout_basic, serial_park_tiny_2, minmay_tetromino_t2,
          uniq_crazy_yiuf_cottage, uniq_natasha
D:3:      layout_basic, lemuel_round_altar, serial_shops,
          nicolae_shop_overgrown_old_shop
D:4:      layout_rooms, overflow_temple_1_default,
          minmay_temple_entry_statues_pillars, ebering_ghost_reflecting_pool
D:5:      layout_loops_ring, nicolae_ossuary_entry_catacombs
D:6:      layout_loops_ring, mainiacjoe_overflow_chevrons, serial_undead,
          serial_undead_a, serial_undead_a, serial_undead_c, serial_undead_b,
          kennysheep_path_1, chequers_serial_rivers_small_3, solitary_fountain
D:7:      layout_basic, mainiacjoe_overflow_six_doors_small, serial_shops,
          nicolae_shop_statue_plus, minmay_misc_feat_tiny,
          kennysheep_generic_room_7, uniq_joseph
D:8:      layout_cave_pods, grunt_temple_overflow_open, serial_shops, shop
D:9:      layout_loops_cross, nicolae_vehumet_altar_sigil,
          mainiacjoe_overflow_24_doors, uniq_psyche, uniq_erica

Skill      XL: |  1  2  3  4  5  6  7  8  9 10 |
---------------+-------------------------------+-----
Fighting       | 4 5 6 7 8 10 12 13 | 13.2
Long Blades    | 4 5 6 7 8 10 12 13 | 13.2
Armour         | |  2.4
Dodging        | |  2.1

Action                   |  1- 3 |  4- 6 |  7- 9 | 10-12 || total
-------------------------+-------+-------+-------+-------++-------
Melee: Falchion          |    58 |    44 |       |       ||   102
       Headbutt          |     8 |    20 |    94 |    26 ||   148
       Long sword        |       |    64 |   332 |    56 ||   452
       Scimitar          |       |       |       |    31 ||    31
Throw: Dart              |       |       |     1 |       ||     1
Invok: Berserk           |     1 |     1 |     3 |     2 ||     7
  Use: Scroll            |       |     6 |    10 |     1 ||    17
       Potion            |       |       |       |     1 ||     1
Armor: Animal skin       |     2 |       |       |       ||     2
       Scale mail        |    31 |    15 |       |       ||    46
       Chain mail        |       |    39 |    50 |       ||    89
       Plate armour      |       |       |   124 |    38 ||   162
Dodge: Dodged            |    33 |    35 |   114 |    37 ||   219
       Rpst.: Falchion   |    11 |     5 |       |       ||    16
       Long sword        |       |     5 |    38 |     5 ||    48
       Scimitar          |       |       |       |     1 ||     1

Table legend: (Time is in decaauts)
 A = Elapsed time spent in this place.
 B = Non-inter-level travel time spent in this place.
 C = Inter-level travel time spent in this place.
 D = Time resting spent in this place.
 E = Time spent auto-exploring this place.
 F = Levels seen in this place.
 G = Mean time per level.
                   A        B        C        D        E       F      G
               +--------+--------+--------+--------+--------+-----+--------+
         Total |   9075 |   8881 |    194 |   1911 |   4693 |  10 |  907.5 |
       Dungeon |   8044 |   7850 |    194 |   1440 |   4535 |   9 |  893.8 |
       Ossuary |   1031 |   1031 |      0 |    471 |    157 |   1 | 1031.0 |
               +--------+--------+--------+--------+--------+-----+--------+

Top non-repeatable levels by time:
     D:8: 1581 daAuts
     D:6: 1398 daAuts
     D:5: 1194 daAuts
     D:7: 1108 daAuts
 Ossuary: 1031 daAuts
     D:2: 943 daAuts
     D:3: 633 daAuts
     D:1: 625 daAuts
     D:4: 515 daAuts
     D:9: 41 daAuts
